 Dungeon Crawl Stone Soup version 0.23.2-40-g277498a001 (webtiles) character file.

Game seed: 12632879008239513430

83 Martska the Chiller (level 4, 0/33 HPs)
             Began as a Merfolk Ice Elementalist on Oct 9, 2019.
             Was an Initiate of Yredelemnul.
             Succumbed to a goblin's poison
             ... on level 2 of the Dungeon.
             The game lasted 00:08:40 (2632 turns).

Martska the Chiller (Merfolk Ice Elementalist)      Turns: 2632, Time: 00:08:41

Health: 0/33       AC:  4    Str:  8    XL:     4   Next: 44%
Magic:  7/7        EV: 13    Int: 14    God:    Yredelemnul [......]
Gold:   48         SH:  0    Dex: 15    Spells: 1/7 levels left

rFire    . . .     SeeInvis .   i - +0 spear
rCold    . . .     Gourm    .   (no shield)
rNeg     . . .     Faith    .   d - +0 leather armour (curse)
rPois    .         Spirit   .   l - +0 helmet
rElec    .         Reflect  .   (no cloak)
rCorr    .         Harm     .   (no gloves)
MR       .....                  (no boots)
Stlth    ++........             (no amulet)
HPRegen  0.11/turn              (no ring)
MPRegen  0.10/turn              (no ring)

@: lethally poisoned (0 -> -3), very slightly contaminated
A: change form in water, swift swim, stealthy swim
a: Renounce Religion


You were on level 2 of the Dungeon.
You worshipped Yredelemnul.
Yredelemnul was noncommittal.
You were not hungry.

You visited 1 branch of the dungeon, and saw 2 of its levels.

You collected 48 gold pieces.

Inventory:

Hand Weapons
 e - a +0 club
 f - a +0 hand axe
 h - a +3 vampiric whip
 i - a +0 spear (weapon)
Armour
 a - a +0 robe
 d - a cursed +0 leather armour (worn)
 l - a +0 helmet (worn)
Scrolls
 b - 7 scrolls of identify
 j - a scroll of amnesia
 k - 2 scrolls of teleportation
Comestibles
 c - 3 rations


   Skills:
 * Level 1.9 Fighting
 * Level 2.0 Polearms
 * Level 3.7 Dodging
 + Level 2.6 Stealth
 + Level 2.2 Spellcasting
 - Level 0.7 Conjurations
 + Level 3.7 Ice Magic


You had one spell level left.
You knew the following spells:

 Your Spells              Type           Power        Failure   Level  Hunger
a - Freeze                Ice            ##..         7%          1    #......
b - Throw Frost           Conj/Ice       #.....       21%         2    ###....
c - Ozocubu's Armour      Chrm/Ice       #.......     43%         3    ###....

Your spell library contained the following spells:

 Spells                   Type           Power        Failure   Level  Hunger
 Throw Icicle             Conj/Ice       #.......     80%         4    #####..
 Summon Ice Beast         Ice/Summ       #.......     83%         4    #####..


Dungeon Overview and Level Annotations

Branches:
Dungeon (2/15)

Altars:
Dithmenos
Yredelemnul
The Shining One


Message History

You feel sick.
* * * LOW HITPOINT WARNING * * *
You feel sick.
* * * LOW HITPOINT WARNING * * *
You feel sick.
* * * LOW HITPOINT WARNING * * *
You feel sick.
* * * LOW HITPOINT WARNING * * *
You feel sick.
* * * LOW HITPOINT WARNING * * *
You feel sick.
There is a stone staircase leading down here.
* * * LOW HITPOINT WARNING * * *
You feel sick.
* * * LOW HITPOINT WARNING * * *
You feel sick.
* * * LOW HITPOINT WARNING * * *
You feel sick.
You die...
Your body rises from the dead as a mindless zombie.

##.## #..# #..###...#
#.#.#.#..# #.##.....# ##
#.#####..# #### .. ..#
#..# #.. ##
#.#####..#####.#
#...........##.#########
########.....@<........#
#.##.##.#######.#
#.##.##.# #.# ..##.##.#
#.# #####.##.## #.#
#####.#...######.# ..#
#....>..........(# #.#
#.#...#...######## #.#
#..###.#.#### #.#


There were no monsters in sight!

Vanquished Creatures
  4 adders (D:2)
  A dart slug (D:1)
  2 leopard geckos
  4 bats
  2 giant cockroaches (D:2)
  3 goblins
  5 hobgoblins
  5 jackals (D:1)
  8 kobolds
  A ball python (D:1)
  A frilled lizard (D:1)
  4 rats
40 creatures vanquished.

Notes
Turn   | Place    | Note
-------+----------+-------------------------------------------
     0 | D:1      | Martska the Merfolk Ice Elementalist began the quest for
                  | the Orb.
     0 | D:1      | Reached XP level 1. HP: 13/13 MP: 3/3
    76 | D:1      | Reached XP level 2. HP: 7/20 MP: 0/5
   483 | D:1      | Reached skill level 1 in Fighting
  1262 | D:1      | Reached XP level 3. HP: 24/26 MP: 2/6
  1860 | D:1      | Reached skill level 1 in Polearms
  2128 | D:2      | Learned a level 2 spell: Throw Frost
  2156 | D:2      | Learned a level 3 spell: Ozocubu's Armour
  2193 | D:2      | Found a glowing golden altar of the Shining One.
  2196 | D:2      | Found a basalt altar of Yredelemnul.
  2198 | D:2      | Noticed a profane servitor
  2203 | D:2      | Became a worshipper of Yredelemnul the Dark
  2296 | D:2      | Reached XP level 4. HP: 30/33 MP: 1/7
  2537 | D:2      | Found a shadowy altar of Dithmenos.
  2630 | D:2      | HP: 1/33 [poisoned by a goblin]
  2632 | D:2      | Succumbed to a goblin's poison

Skill      XL: |  1  2  3  4 |
---------------+-------------+-----
Dodging        | 3 |  3.7
Fighting       | 1 |  1.9
Polearms       | 1 2 |  2.0
Stealth        | |  2.6
Spellcasting   | |  2.2
Conjurations   | |  0.7
Ice Magic      | |  3.7

Action                   |  1- 3 |  4- 6 || total
-------------------------+-------+-------++-------
Melee: Club              |    26 |       ||    26
       Unarmed           |    10 |       ||    10
       Spear             |    67 |    27 ||    94
       Hand axe          |     6 |       ||     6
 Cast: Freeze            |    31 |     5 ||    36
       Throw Frost       |     1 |     2 ||     3
  Use: Potion            |     4 |       ||     4
       Scroll            |       |     3 ||     3
 Stab: Sleeping          |     2 |       ||     2
  Eat: Ration            |     2 |       ||     2
Armor: Leather armour    |    24 |    10 ||    34
       Robe              |     4 |       ||     4
Dodge: Dodged            |   128 |    24 ||   152
